 Dungeon Crawl Stone Soup version 0.28-a0-413-gde365fb1df (webtiles) character file.

Game seed: 2983555147262641658

410 Sweetruy1997 the Chopper (level 6, -2/52 HPs)
             Began as a Hill Orc Monk on Sept 7, 2021.
             Slain by a kobold brigand (4 damage)
             ... on level 5 of the Dungeon.
             The game lasted 00:11:59 (5498 turns).

Sweetruy1997 the Chopper (Hill Orc Monk)            Turns: 5498, Time: 00:11:59

Health: -2/52      AC:  5    Str: 14    XL:     6   Next: 89%
Magic:  1/8        EV: 12    Int: 10    God:
Gold:   166        SH:  0    Dex: 15    Spells: 1/7 levels left

rFire   + . .      SeeInvis .   a - +0 hand axe
rCold   x . .      Faith    .   (no shield)
rNeg    . . .      Spirit   .   j - +0 leather armour
rPois   .          Reflect  .   l - +0 helmet
rElec   .          Harm     .   (no cloak)
rCorr   .          Rampage  .   (no gloves)
Will    .....                   h - +0 pair of boots
Stlth   ++........              (no amulet)
HPRegen 0.17/turn               i - ring of fire
MPRegen 0.11/turn               (no ring)

@: very slightly contaminated
A: no striking features
a: no special abilities


You were on level 5 of the Dungeon.
You visited 1 branch of the dungeon, and saw 5 of its levels.

You collected 166 gold pieces.

Inventory:

Hand Weapons
 a - a +0 hand axe (weapon)
Armour
 h - a +0 pair of boots (worn)
 j - a +0 leather armour (worn)
 l - a +0 helmet (worn)
Jewellery
 i - a ring of fire (left hand)
 m - a ring of see invisible
Wands
 k - a wand of digging (7)
Scrolls
 d - a scroll of teleportation
 n - 2 scrolls of fog
Potions
 c - 2 potions of curing
 e - 2 potions of attraction
 f - 2 potions of might
 g - a potion of haste


   Skills:
 - Level 4.0 Fighting
 + Level 7.3 Axes
 + Level 2.6 Armour
 - Level 3.0 Dodging
 - Level 2.0 Stealth
 + Level 1.4 Spellcasting
 + Level 1.4 Conjurations


You had one spell level left.
You knew the following spells:

 Your Spells              Type           Power      Damage    Failure   Level
a - Frozen Ramparts       Ice            0%         1d2       77%         3
b - Magic Dart            Conj           12%        1d3       22%         1
c - Call Imp              Summ           0%         N/A       52%         2

Your spell library contained the following spells:

 Spells                   Type           Power      Damage    Failure   Level
 Mephitic Cloud           Conj/Pois/Air  1%         N/A       71%         3
 Ignite Poison            Fire/Tmut/Pois 1%         N/A       77%         3
 Ice Form                 Ice/Tmut       0%         N/A       99%         4
 Summon Ice Beast         Ice/Summ       0%         N/A       99%         4
 Freezing Cloud           Conj/Ice/Air   0%         6-21      100%        5


Dungeon Overview and Level Annotations

Branches:
Dungeon (5/15)
 Temple: D:4-7

Altars:
Ashenzari
Yredelemnul
The Shining One


Message History

The kobold brigand is lightly wounded.
The kobold hits you with a +0 club. The kobold brigand misses you.
The kobold brigand hits you with a +0 club.
The kobold brigand misses you.
You miscast Magic Dart.
Nothing appears to happen.
The kobold barely misses you.
The kobold brigand hits you but does no damage.
The kobold brigand hits you with a +0 club.
The kobold brigand closely misses you.
You hit the kobold brigand.
The kobold brigand is lightly wounded.
You hit the kobold brigand. You barely miss the kobold brigand.
You closely miss the kobold. The kobold hits you with a +0 club.
The kobold brigand hits you with a +0 short sword.
The kobold brigand hits you with a +0 club.
You hit the kobold brigand.
The kobold brigand is moderately wounded.
You hit the kobold but do no damage.
You hit the kobold brigand but do no damage. x2
The kobold brigand closely misses you. The kobold hits you with a +0 club.
* * * LOW HITPOINT WARNING * * *
The kobold brigand barely misses you.
The kobold brigand hits you with a +0 club.
* * * LOW HITPOINT WARNING * * *
You barely miss the kobold brigand.
The kobold brigand is moderately wounded.
Your leather armour prevents you from hitting the kobold brigand.
You hit the kobold brigand but do no damage.
You hit the kobold. The kobold brigand barely misses you.
The kobold hits you with a +0 club.
* * * LOW HITPOINT WARNING * * *
The kobold brigand closely misses you.
The kobold brigand hits you with a +0 club.
* * * LOW HITPOINT WARNING * * *
You hit the kobold brigand but do no damage.
The kobold brigand is moderately wounded.
You hit the kobold brigand but do no damage.
You hit the kobold brigand. You hit the kobold but do no damage.
The kobold brigand hits you with a +0 short sword.
You die...

#.## # #..# ..
##.####..# #.........
#....##.## ###
#...###..######### ....
..>......#.......##....$
................KK.)....
.#..............@K......
.#...............K).....
.#...............##....!
.#...............# ....
.#...............# ###
.................#
................##
#'#####..#.:...## ...#
##########


You could see 3 kobold brigands and a kobold.

Vanquished Creatures
  A kobold brigand (D:4)
  A scorpion (D:3)
  3 hounds (D:4)
  An iguana (D:4)
  A hound skeleton (D:4)
  3 gnolls (D:5)
  4 adders
  2 adder skeletons (D:4)
  A worm (D:2)
  A dart slug (D:1)
  An orc (D:5)
  4 bats
  5 endoplasms
  3 giant cockroaches
  6 goblins
  4 hobgoblins
  5 jackals
  11 quokkas
  8 ball pythons
  A frilled lizard (D:1)
  7 kobolds
  3 rats
76 creatures vanquished.

Vanquished Creatures (others)
  9 toadstools (D:5)
9 creatures vanquished.

Grand Total: 85 creatures vanquished

Notes
Turn   | Place    | Note
-------+----------+-------------------------------------------
     0 | D:1      | Sweetruy1997 the Hill Orc Monk began the quest for the Orb.
     0 | D:1      | Reached XP level 1. HP: 19/19 MP: 1/1
    35 | D:1      | Found a faded altar of an unknown god.
   331 | D:1      | Reached XP level 2. HP: 13/27 MP: 2/2
  1215 | D:2      | Reached XP level 3. HP: 24/33 MP: 3/3
  1239 | D:2      | HP: 1/33 [worm (5)]
  1567 | D:2      | Reached skill level 5 in Axes
  1846 | D:2      | Reached XP level 4. HP: 6/40 MP: 4/4
  2437 | D:3      | Learned a level 3 spell: Frozen Ramparts
  2723 | D:3      | Noticed a scorpion
  2737 | D:3      | Killed a scorpion
  2738 | D:3      | Reached skill level 6 in Axes
  2738 | D:3      | Reached skill level 1 in Armour
  2738 | D:3      | Reached XP level 5. HP: 25/46 MP: 5/5
  3174 | D:3      | Learned a level 1 spell: Magic Dart
  3601 | D:4      | Noticed a kobold brigand
  3622 | D:4      | Killed a kobold brigand
  3858 | D:4      | Reached XP level 6. HP: 50/52 MP: 1/6
  4466 | D:4      | Reached skill level 7 in Axes
  4466 | D:4      | Reached skill level 1 in Conjurations
  4761 | D:4      | Reached skill level 1 in Spellcasting
  4812 | D:4      | Found a glowing golden altar of the Shining One.
  4816 | D:4      | Learned a level 2 spell: Call Imp
  5211 | D:5      | Entered Level 5 of the Dungeon
  5456 | D:5      | Found a basalt altar of Yredelemnul.
  5457 | D:5      | Found a broken altar of Ashenzari.
  5497 | D:5      | HP: 1/52 [kobold brigand (4)]
  5498 | D:5      | Slain by a kobold brigand

Illustrated notes

Levels and vault maps discovered:
D:1:      heliophobic_arrival_dark_side_of_the_moon, layout_loops_ring,
          shapermc_ecumenical_altar_ellora
D:2:      layout_basic
D:3:      layout_loops_ring, moated_statue
D:4:      layout_basic, mainiacjoe_overflow_concentric_impassable,
          nrook_loot_triangle
D:5:      cheibrodos_fertilizer, layout_rooms, amethyst_overflow_temple_binary,
          nzn_wu_jian_council_hall, portal_sewer_entry_f

Skill      XL: |  1  2  3  4  5  6 |
---------------+-------------------+-----
Fighting       | 4 |  4.0
Axes           | 5 6 7 |  7.3
Stealth        | 2 |  2.0
Armour         | 1 2 |  2.6
Dodging        | 3 |  3.0
Conjurations   | 1 |  1.4
Spellcasting   | 1 |  1.4

Action                   |  1- 3 |  4- 6 || total
-------------------------+-------+-------++-------
Melee: Hand axe          |   155 |   174 ||   329
 Cast: Magic Dart        |       |    51 ||    51
       Frozen Ramparts   |       |     1 ||     1
  Use: Potion            |     2 |       ||     2
       Scroll            |     1 |     7 ||     8
 Stab: Sleeping          |     5 |     2 ||     7
Armor: Robe              |    17 |       ||    17
       Ring mail         |     8 |    15 ||    23
       Leather armour    |       |    24 ||    24
Dodge: Dodged            |    97 |   118 ||   215

Table legend: (Time is in decaauts)
 A = Elapsed time spent in this place.
 B = Non-inter-level travel time spent in this place.
 C = Inter-level travel time spent in this place.
 D = Time resting spent in this place.
 E = Time spent auto-exploring this place.
 F = Levels seen in this place.
 G = Mean time per level.
                   A        B        C        D        E       F      G
               +--------+--------+--------+--------+--------+-----+--------+
         Total |   5484 |   5370 |    114 |   1319 |   3231 |   5 | 1096.8 |
       Dungeon |   5484 |   5370 |    114 |   1319 |   3231 |   5 | 1096.8 |
               +--------+--------+--------+--------+--------+-----+--------+

Top non-repeatable levels by time:
     D:4: 1667 daAuts
     D:2: 1259 daAuts
     D:3: 1149 daAuts
     D:1: 1122 daAuts
     D:5: 285 daAuts
